 Dungeon Crawl Stone Soup version 0.21.0-37-g46506fa (webtiles) character file.

44 Goblin1989 the Chopper (level 3, -1/29 HPs)
             Began as a Demonspawn Monk on Jan 31, 2018.
             Slain by a goblin (2 damage)
             ... led by Robin
             ... on level 2 of the Dungeon.
             The game lasted 00:04:13 (1701 turns).

Goblin1989 the Chopper (Demonspawn Monk)            Turns: 1701, Time: 00:04:14

Health: -1/29      AC:  2    Str: 12    XL:     3   Next: 39%
Magic:  3/3        EV: 12    Int: 11    God:
Gold:   63         SH:  7    Dex: 15    Spells: 2/2 levels left

rFire    . . .     SeeInvis .   a - +0 hand axe
rCold    . . .     Gourm    .   k - +0 buckler
rNeg     . . .     Faith    .   b - +0 robe
rPois    .         Spirit   .   (no helmet)
rElec    .         Reflect  +   (no cloak)
rCorr    .         Harm     .   (no gloves)
MR       .....                  (no boots)
Stlth    ++........             m - +3 amulet of reflection
HPRegen  0.09/turn              (no ring)
MPRegen  0.08/turn              (no ring)

@: no status effects
A: claws 1
a: no special abilities


You were on level 2 of the Dungeon.
You were hungry.

You visited 1 branch of the dungeon, and saw 2 of its levels.

You collected 63 gold pieces.

Inventory:

Hand Weapons
 a - a +0 hand axe (weapon)
Armour
 b - a +0 robe (worn)
 k - a +0 buckler (worn)
Jewellery
 m - a +3 amulet of reflection (around neck)
Scrolls
 i - a scroll of teleportation {unknown}
 l - a scroll of remove curse {unknown}
Potions
 g - a potion of agility {unknown}
 h - a potion of cancellation {unknown}
Comestibles
 e - 3 rations
 n - 6 chunks of flesh


   Skills:
 - Level 3.0 Fighting
 - Level 3.2 Axes
 - Level 2.6 Dodging
 - Level 1.7 Stealth
 + Level 0.8 Shields
 + Level 1.8 Unarmed Combat


You had 2 spell levels left.
You didn't know any spells.

Dungeon Overview and Level Annotations

Branches:
Dungeon (2/15)

Altars:

Annotations:
D:2 Robin


Innate Abilities, Weirdness & Mutations

You have sharp fingernails.


Message History

No target in view!
No target in view!
No target in view!
No target in view!
No target in view!
No target in view!
No target in view!
No target in view!
No target in view!
No target in view!
Robin of the Strong Arm comes into view.
She is wielding a trident.
You see here a goblin corpse.
Health restored: 29 Unknown command.
A goblin and a hobgoblin come into view.
The hobgoblin shouts!
Robin shouts!
The goblin shouts!
You hear a shout! x3
Robin throws the goblin at you!
A hobgoblin comes into view. It is wielding a club.
You closely miss the goblin.
The goblin shouts!
The hobgoblin shouts!
You hear a shout!
The hobgoblin moves out of view.
Robin roars a battlecry!
The goblins go into a battle-frenzy!
The goblin barely misses you. 3 goblins come into view.
Robin throws the goblin at you!
The goblin shouts!
You hear a shout!
There is a stone staircase leading down here.
You are feeling hungry.
The hobgoblin no longer looks unusually strong.
The hobgoblin no longer looks unusually strong.
The goblin no longer looks unusually strong.
You hit the goblin.
The goblin is almost dead.
The goblin hits you but does no damage.
You hit the goblin.
You kill the goblin!
You barely miss the goblin. You block the goblin's attack.
You hit the goblin.
The goblin is moderately wounded.
The goblin hits you with a dagger.
You take 1 damage, and have 28/29 hp.
You barely miss the goblin.
The goblin is moderately wounded.
The goblin barely misses you. The goblin hits you but does no damage.
You hit the goblin.
You kill the goblin!
You closely miss the hobgoblin. You block the hobgoblin's attack. x2
You hit the hobgoblin.
You kill the hobgoblin!
The hobgoblin closely misses you.
You hit the hobgoblin.
You kill the hobgoblin!
You closely miss the goblin. The goblin hits you but does no damage.
Robin throws the goblin at you!
You hit the goblin.
The goblin is severely wounded.
You closely miss the goblin. The goblin barely misses you.
You block the goblin's attack.
Robin hits you from afar with a trident!
You take 9 damage, and have 19/29 hp.
MASSIVE DAMAGE!!
You closely miss the goblin.
The goblin is severely wounded.
You closely miss the goblin. The goblin closely misses you.
The goblin hits you with a club.
Robin says, "We wiped out the hill dwarves - you're next!"
Robin hits you from afar with a trident!
* * * LOW HITPOINT WARNING * * *
The goblin hits you with a dagger.
* * * LOW HITPOINT WARNING * * *
You block the goblin's attack.
You take 14 damage, and have 5/29 hp.
MASSIVE DAMAGE!!
You closely miss the goblin.
The goblin is severely wounded.
You barely miss the goblin. You block the goblin's attack.
The goblin closely misses you.
Unknown command.
You hit the goblin.
You kill the goblin!
You hit the goblin. Robin barely misses you.
The goblin hits you but does no damage.
Unknown command.
A goblin comes into view.
The goblin shouts!
You hear a shout!
You block Robin's attack.
The goblin moves out of view.
You hear a shout!
Items here: )))) †† A goblin comes into view.
It is wielding a club.
The goblin shouts!
Robin roars a battlecry!
The goblins go into a battle-frenzy!
Robin hits you from afar with a trident.
* * * LOW HITPOINT WARNING * * *
You take 2 damage, and have 3/29 hp.
Robin throws the goblin at you!
* * * LOW HITPOINT WARNING * * *
The goblin closely misses you.
You take 2 damage, and have 1/29 hp.
Robin throws the goblin at you! The goblin hits you.
You die...

█ █. █. █.██ .███.████..██
............ █......██.██
█......██..████
▲.............█
█.......g.....█
█........@g...█ █
█.........g...█ █......
█......████..██ .██.█.██
██......█████.████..██.█.██
████............g.)...........
█...............█.███..██.█.██
███....█.████████..██..██.█.██
█....█.█ ██.██..██.█...
█....█.█ █..█..██.....


You could see Robin and 3 goblins.

Vanquished Creatures
  3 dart slugs (D:1)
  A bat (D:1)
  2 giant cockroaches (D:1)
  13 goblins
  7 hobgoblins
  A kobold (D:1)
  5 rats
32 creatures vanquished.

Notes
Turn   | Place    | Note
-------+----------+-------------------------------------------
     0 | D:1      | Goblin1989 the Demonspawn Monk began the quest for the Orb.
     0 | D:1      | Reached XP level 1. HP: 18/18 MP: 1/1
   223 | D:1      | Gained mutation: You have sharp fingernails. [demonic ancestry]
   223 | D:1      | Reached XP level 2. HP: 24/24 MP: 2/2
   638 | D:1      | Reached skill level 1 in Unarmed Combat
  1462 | D:2      | Reached XP level 3. HP: 27/29 MP: 3/3
  1661 | D:2      | Noticed Robin
  1700 | D:2      | HP: 1/29 [Robin/goblin (2)]
  1701 | D:2      | Slain by a goblin

Skill      XL: |  1  2 |
---------------+-------+-----
Axes           | 3 |  3.2
Unarmed Combat | 1 |  1.8
Fighting       | |  3.0
Dodging        | |  2.6
Stealth        | |  1.7
Shields        | |  0.8

Action                   || total
-------------------------++-------
Melee: Hand axe          ||   119
 Stab: Sleeping          ||     6
  Eat: Chunk             ||     2
Armor: Robe              ||    18
Dodge: Dodged            ||    65
Block: Buckler           ||    14

Vault maps used:
D:1:      tarquinn_simple_flora_water_c, kennysheep_crisscross,
          minmay_misc_feat_alley
D:2:      grunt_ministairs_1, uniq_robin
